 Dungeon Crawl Stone Soup version 0.30-a0-840-ga523dec638 (webtiles) character file.

Game seed: 16617397199300008096

2219034 Twinkles the End of an Era (level 27, 273/273 HPs)
             Began as a Hill Orc Delver on Feb 28, 2023.
             Was the Champion of Qazlal.
             Escaped with the Orb
             ... and 4 runes on Mar 2, 2023!
             The game lasted 07:25:32 (78915 turns).

Twinkles the End of an Era (Hill Orc Delver)       Turns: 78915, Time: 07:25:32

Health: 273/273    AC: 43    Str: 43    XL:     27
Magic:  49/49      EV: 14    Int: 10    God:    Qazlal [******]
Gold:   6892       SH: 44    Dex: 12    Spells: 26/26 levels left

rFire   + + .      SeeInvis .    a - +9 broad axe (flame)
rCold   + + .      Faith    .    Z - +8 tower shield "Kimaont" {Int+4}
rNeg    . . .      Spirit   .    f - +11 gold dragon scales
rPois   +          Reflect  +    (no helmet)
rElec   +          Harm     .    l - +1 cloak "Fuettei" {rF+}
rCorr   +          Rampage  .    u - +2 pair of gloves of the Sturgeon {rPois Will+ Regen+ Int-2}
Will    +++++      NoCast   +    t - +1 pair of boots {Stlth+} Stlth
                                 b - amulet "Cocasm" {Reflect -Cast Fly rC+ Will++ SH+5}
HPRegen 1.45/turn                p - ring of Music {Will+ MP+9 Str+8 Int-2 Stlth+}
MPRegen 0.31/turn                r - ring of Anuomae {rElec rCorr Str+6}

@: flying, studying 2 skills, repel missiles
A: electricity resistance
0: Orb of Zot
}: 4/15 runes: decaying, slimy, silver, gossamer
a: Renounce Religion, Upheaval, Elemental Force, Disaster Area


You escaped.
You worshipped Qazlal.
Qazlal was exalted by your worship.
You visited 13 branches of the dungeon, and saw 57 of its levels.
You visited 2 bazaars.
You also visited: Bailey, Gauntlet, Ice Cave, Volcano and Wizlab.

You collected 11329 gold pieces.
You spent 4437 gold pieces at shops.

Inventory:

Hand Weapons
 a - a +9 broad axe of flaming (weapon)
Missiles
 s - 2 throwing nets
 Q - 5 silver javelins
 W - 33 boomerangs (quivered)
Armour
 f - +11 gold dragon scales (worn)
 l - the +1 cloak "Fuettei" (worn) {rF+}
   (You found it on level 4 of the Vaults)

   rF:        It protects you from fire.
 o - a +2 helmet of see invisible
 t - a +1 pair of boots of stealth (worn)
 u - the +2 pair of gloves of the Sturgeon (worn) {rPois Will+ Regen+ Int-2}
   (You found it on level 2 of the Spider Nest)

   Int:       It affects your intelligence (-2).
   rPois:     It protects you from poison.
   Regen:     It increases your rate of health regeneration.
   Will:      It increases your willpower.
 Z - the +8 tower shield "Kimaont" (worn) {Int+4}
   (You found it in a Gauntlet)

   Int:       It affects your intelligence (+4).
Jewellery
 b - the amulet "Cocasm" (around neck) {Reflect -Cast Fly rC+ Will++ SH+5}
   (You acquired it on level 2 of the Orcish Mines)

   [amulet of reflection]

   It reflects blocked missile attacks.
   rC:        It protects you from cold.
   Fly:       It grants you flight.
   -Cast:     It prevents spellcasting.
   SH:        It affects your SH (+5).
   Will:      It greatly increases your willpower.
 c - the ring "Duenixt" {rF++ SInv Stlth+}
   (You took it off a minotaur in a Gauntlet)

   [ring of see invisible]

   rF:        It greatly protects you from fire.
   SInv:      It lets you see invisible.
   Stlth:     It makes you more stealthy.
 p - the ring of Music (left hand) {Will+ MP+9 Str+8 Int-2 Stlth+}
   (You bought it in a shop on level 2 of the Orcish Mines)

   [ring of willpower]

   Str:       It affects your strength (+8).
   Int:       It affects your intelligence (-2).
   MP:        It affects your magic capacity (+9).
   Will:      It increases your willpower.
   Stlth:     It makes you more stealthy.
 q - the dreamshard necklace {*Dream Drain}
   (You found it on level 3 of the Elven Halls)

   [amulet of nothing]

   *Dream:    It shatters if its wearer takes lethal or near-lethal damage,
   preventing the blow and releasing protective dreams that heal and fight for
   the wearer.
   Drain:     It drains your maximum health when unequipped.
 r - the ring of Anuomae (right hand) {rElec rCorr Str+6}
   (You bought it in a shop on level 2 of the Orcish Mines)

   [ring of strength]

   Str:       It affects your strength (+6).
   rElec:     It insulates you from electricity.
   rCorr:     It protects you from acid and corrosion.
 B - the ring of Hospitality {Fire +Blink rPois rCorr Int+2}
   (You acquired it on level 3 of the Realm of Zot)

   [ring of fire]

   It enhances your fire magic.
   Int:       It affects your intelligence (+2).
   rF:        It protects you from fire.
   rC:        It makes you vulnerable to cold.
   rPois:     It protects you from poison.
   +Blink:    It lets you blink.
   rCorr:     It protects you from acid and corrosion.
Wands
 d - a wand of digging (9)
 h - a wand of acid (30)
 i - a wand of iceblast (61)
 j - a wand of polymorph (39)
 y - a wand of mindburst (11)
Scrolls
 e - 5 scrolls of brand weapon
 k - 7 scrolls of torment
 x - 7 scrolls of poison
 D - 12 scrolls of blinking
 E - 13 scrolls of fear
 F - 11 scrolls of fog
 K - 14 scrolls of immolation
 O - 6 scrolls of silence
 S - 5 scrolls of summoning
 V - 7 scrolls of vulnerability
 X - 4 scrolls of magic mapping
 Y - 36 scrolls of teleportation
Potions
 A - 13 potions of attraction
 C - 7 potions of cancellation
 G - 11 potions of ambrosia
 H - 9 potions of haste
 I - 13 potions of invisibility
 J - 26 potions of curing
 L - 19 potions of flight
 M - 8 potions of might
 N - 15 potions of heal wounds
 P - 7 potions of lignification
 R - 13 potions of resistance
 T - 7 potions of berserk rage
 U - 4 potions of mutation
Miscellaneous
 g - a tin of tremorstones (2/2)
 m - a phantom mirror
 n - the horn of Geryon
 v - a lightning rod (4/4)
 w - a phial of floods
 z - a box of beasts


   Skills:
 O Level 27 Fighting
 - Level 18.0 Axes
 + Level 11.8 Throwing
 - Level 20.0 Armour
 + Level 18.1 Dodging
 - Level 4.1 Stealth
 - Level 23.9 Shields
 O Level 27 Invocations
 + Level 18.7 Evocations


You had 26 spell levels left.
You didn't know any spells.
Your spell library contained the following spells:

 Spells                   Type           Power      Damage    Failure   Level
 Apportation              Tloc           0%         N/A       95%         1
 Beastly Appendage        Tmut           0%         N/A       95%         1
 Foxfire                  Conj/Fire      0%         2x1d4     95%         1
 Freeze                   Ice            0%         1d3       95%         1
 Necrotise                Necr           0%         1d4       95%         1
 Sting                    Tmut/Pois      0%         1d3       95%         1
 Summon Small Mammal      Summ           0%         N/A       95%         1
 Cigotuvi's Dreadful Rot  Necr/Pois/Air  0%         N/A       99%         2
 Ensorcelled Hibernation  Hex/Ice        0%         N/A       99%         2
 Passwall                 Tmut/Erth      0%         N/A       99%         2
 Poisonous Vapours        Pois/Air       0%         N/A       99%         2
 Scorch                   Fire           0%         2d5       99%         2
 Sublimation of Blood     Necr           0%         N/A       99%         2
 Wereblood                Tmut           0%         N/A       99%         2
 Call Canine Familiar     Summ           0%         N/A       100%        3
 Dazzling Flash           Conj/Hex       0%         N/A       100%        3
 Frozen Ramparts          Ice            0%         1d1       100%        3
 Hailstorm                Conj/Ice       0%         3d3       100%        3
 Ignite Poison            Fire/Tmut/Pois 0%         N/A       100%        3
 Inner Flame              Hex/Fire       0%         N/A       100%        3
 Kindle Blastsparks       Fire/Tloc/Air  0%         2d10      100%        3
 Mephitic Cloud           Conj/Pois/Air  0%         N/A       100%        3
 Ozocubu's Armour         Ice            0%         N/A       100%        3
 Spider Form              Tmut/Pois      0%         N/A       100%        3
 Summon Guardian Golem    Hex/Summ       0%         N/A       100%        3
 Swiftness                Air            0%         N/A       100%        3
 Vampiric Draining        Necr           0%         2d6       100%        3
 Anguish                  Hex/Necr       0%         N/A       100%        4
 Animate Armour           Summ/Erth      0%         N/A       100%        4
 Animate Dead             Necr           0%         N/A       100%        4
 Cause Fear               Hex            0%         N/A       100%        4
 Flame Wave               Conj/Fire      0%         2d4       100%        4
 Ice Form                 Ice/Tmut       0%         N/A       100%        4
 Iskenderun's Mystic Bla  Conj/Tloc      0%         2d3       100%        4
 Leda's Liquefaction      Hex/Erth       0%         N/A       100%        4
 Olgreb's Toxic Radiance  Pois           0%         N/A       100%        4
 Passage of Golubria      Tloc           0%         N/A       100%        4
 Petrify                  Tmut/Erth      0%         N/A       100%        4
 Sticky Flame             Conj/Fire      0%         2d3       100%        4
 Summon Ice Beast         Ice/Summ       0%         N/A       100%        4
 Summon Lightning Spire   Summ/Air       0%         N/A       100%        4
 Agony                    Necr           0%         N/A       100%        5
 Blade Hands              Tmut           0%         N/A       100%        5
 Borgnjor's Vile Clutch   Necr/Erth      0%         N/A       100%        5
 Fireball                 Conj/Fire      0%         3d3       100%        5
 Freezing Cloud           Conj/Ice/Air   0%         6-21      100%        5
 Irradiate                Conj/Tmut      0%         3d11      100%        5
 Lee's Rapid Deconstruct  Erth           0%         3d4*      100%        5
 Metabolic Englaciation   Hex/Ice        0%         N/A       100%        5
 Silence                  Hex/Air        0%         N/A       100%        5
 Summon Forest            Summ/Tloc      0%         N/A       100%        5
 Summon Mana Viper        Hex/Summ       0%         N/A       100%        5
 Yara's Violent Unravell  Hex/Tmut       0%         3d3       100%        5
 Death Channel            Necr           0%         N/A       100%        6
 Eringya's Noxious Bog    Tmut/Pois      0%         N/A       100%        6
 Iron Shot                Conj/Erth      0%         9d1       100%        6
 Simulacrum               Ice/Necr       0%         N/A       100%        6
 Starburst                Conj/Fire      0%         6d3       100%        6
 Statue Form              Tmut/Erth      0%         N/A       100%        6
 Summon Cactus Giant      Summ           0%         N/A       100%        6
 Dragon Form              Tmut           0%         N/A       100%        7
 Enfeeble                 Hex            0%         N/A       100%        7
 Haunt                    Necr/Summ      0%         N/A       100%        7
 Malign Gateway           Summ/Tloc      0%         N/A       100%        7
 Orb of Destruction       Conj           0%         9d5       100%        7
 Ozocubu's Refrigeration  Ice            0%         4d7       100%        7
 Spellforged Servitor     Conj/Summ      0%         N/A       100%        7
 Summon Hydra             Summ           0%         N/A       100%        7
 Borgnjor's Revivificati  Necr           0%         N/A       100%        8
 Discord                  Hex            0%         N/A       100%        8
 Ignition                 Fire           0%         3d3       100%        8
 Infestation              Necr           0%         N/A       100%        8
 Lehudib's Crystal Spear  Conj/Erth      0%         10d2      100%        8
 Necromutation            Tmut/Necr      0%         N/A       100%        8
 Summon Horrible Things   Summ           0%         N/A       100%        8
 Dragon's Call            Summ           0%         N/A       100%        9
 Polar Vortex             Ice            0%         N/A       100%        9


Dungeon Overview and Level Annotations

Branches:
Dungeon (15/15)            Temple (1/1) D:7            Lair (5/5) D:11
  Swamp (4/4) Lair:2       Spider (4/4) Lair:3        Slime (5/5) Lair:5
    Orc (2/2) D:11            Elf (3/3) Orc:2        Vaults (5/5) D:14
  Crypt (3/3) Vaults:3       Tomb (0/3) Crypt:3      Depths (4/4) D:15
   Hell (visited)             Dis (0/7) Hell            Geh (0/7) Hell
    Coc (0/7) Hell            Tar (0/7) Hell            Zot (5/5) Depths:4
 Bailey (visited)           IceCv (visited)         Volcano (visited)
 WizLab (visited)         Gauntlet (visited)

Altars:
Ashenzari
Cheibriados
Dithmenos
Elyvilon
Fedhas
Gozag
Hepliaklqana
Kikubaaqudgha
Makhleb
Nemelex Xobeh
Okawaru
Qazlal
Ru
Sif Muna
Trog
Uskayaw
Vehumet
Wu Jian
Xom
Yredelemnul
Zin
The Shining One
Beogh
Jiyva

Shops:
D:10 *   D:14 [   Orc:2 :=*=   Elf:2 [   Elf:3 :   Depths:3 *[

Portals:
Hell: Depths:1 Depths:2 Depths:3 Depths:4
Abyss: Crypt:1 Depths:3 Depths:4
Pandemonium: Depths:2 Depths:3 Depths:4
Ziggurat: Depths:4

Annotations:
Vaults:3 exclusions: 2 upstairs and 2 more exclusions
Crypt:1 2 transporters, Omiorith's ghost, adept GrFi
Depths:2 1 exclusion
Depths:3 1 runed translucent door


Innate Abilities, Weirdness & Mutations

You are resistant to electric shocks. (rElec)


Message History

Unknown command.
Unknown command.
Really quaff the potion of mutation?
You feel extremely strange. The horns on your head shrink away.
Your iridescent scales recede somewhat.
Your iridescent scales disappear.
You lose the ability to drink potions when taking damage more often.
Your thoughts seem clearer.
You lose the ability to drink potions when taking damage less often.
Your toenails lengthen and sharpen.
Unknown command.
Unknown command.
Really quaff the potion of mutation?
You feel extremely strange.
Your thinking seems confused.
You no longer become unable to drink potions after taking damage.
Your talons dull and shrink into feet.
You occasionally lose the ability to drink potions when taking damage.
Your body twists and deforms.
You feel a hidden malignance growing inside you.
Unknown command.
Really quaff the potion of mutation?
You feel extremely strange.
Your body's shape seems more normal.
You no longer become unable to drink potions after taking damage.
You no longer feel a malignance within.
A pair of antennae grows on your head!
Your fingernails lengthen.
You feel less energetic.
Unknown command.
Really quaff the potion of mutation?
You feel extremely strange. The antennae on your head shrink away.
Your fingernails shrink to normal size.
You feel more energetic.
You feel weaker.
Unknown command.
Really quaff the potion of mutation?
You feel extremely strange.
You feel stronger.
You feel insulated.
Unknown command.
You start resting.
Magic restored.
You have escaped!

..........##........# #.......
..........##........# #.......
..........+.........# #.......
..........###.#.###.######.......
.................................
..........################.......
..........###...#.☼..## #.......
.##.###.###...°°......## #.......
.##.....##...#..@..#...#######...
.########...###.○.###...## #.#.
## ##...## ##### ##...## #.#.
##...## #...# ##...## #.#.
##...######.#.######...###.##
#..#........#........#..##.##
#.##.#..###.#.##...#.##.##...
#.#..###.#..#.##.###..#.####.
#.......................##...


There were no monsters in sight!

Vanquished Creatures
  the Royal Jelly (Slime:5)
  7 dread liches
  8 ancient liches
  5 orbs of fire
  A juggernaut (Depths:4)
  Sojobo (Crypt:2)
  Parghit (Depths:4)
  2 shard shrikes (Depths:2)
  Xtahua (Depths:4)
  the Lernaean hydra (Swamp:4)
  Margery (Vaults:2)
  2 Killer Klowns (Zot:5)
  2 curse toes
  5 caustic shrikes
  Saint Roka (Elf:3)
  Geryon (Hell)
  13 golden dragons
  2 bone dragons
  Arachne (Spider:2)
  Hellbinder (WizLab)
  2 electric golems (Zot:5)
  2 doom hounds (Zot:3)
  20 tentacled monstrosities
  The ghost of Monkooky the Marksdemigod, an adept DgHu (Depths:3)
  Rupert (Spider:1)
  Jorgrun (D:15)
  25 Orb Guardians (Zot:5)
  The ghost of Wyfalan the Metallomancer, an adept DrCj of Vehumet (Vaults:4)
  4 liches
  A walking earthen tome (Depths:1)
  A shard shrike skeleton (Crypt:3)
  2 deep elf blademasters (Elf:3)
  Grunn (Zot:3)
  A walking divine tome (Depths:3)
  2 deep elf master archers (Elf:3)
  22 acid blobs
  4 quicksilver dragons
  8 titans
  The ghost of Kikiss the Fighter, an adept DrTm of Gozag (Swamp:3)
  12 ancient champions
  6 sphinxes
  A thorn hunter (Swamp:2)
  21 storm dragons
  11 shadow dragons
  11 death cobs
  Agnes (D:14)
  11 tengu reavers
  Roxanne (Elf:3)
  Donald (Crypt:1)
  10 rockslimes
  11 azure jellies
  8 draconian knights
  9 fire giants
  2 revenants (Crypt:2)
  The ghost of Dogosyr the Blocker, a journeyman DgEE (Spider:3)
  6 draconian monks
  18 vault wardens
  7 frost giants
  6 draconian scorchers
  The ghost of Jeffwins the Markshuman, an adept HuWn of Gozag (D:15)
  5 ghost moths
  3 iron dragons
  2 caustic shrike zombies
  15 ghouls
  5 draconian stormcallers
  2 deep elf sorcerers (Elf:3)
  7 draconian shifters
  A demonspawn blood saint (WizLab)
  3 deep elf elementalists (Elf:3)
  9 emperor scorpions
  3 balrugs
  20 ironbound preservers
  5 draconian annihilators
  2 juggernaut zombies
  7 quicksilver oozes
  2 orc warlords
  2 cacodemons
  12 very ugly things
  A broodmother (Spider:1)
  5 ironbound thunderhulks
  4 war gargoyles
  2 curse skulls
  2 reapers (Hell)
  5 green draconians
  4 juggernaut skeletons
  21 stone giants
  12 vampire knights
  4 eleionomae
  4 caustic shrike skeletons
  12 deep elf demonologists
  5 deep elf annihilators
  17 purple draconians
  9 white draconians
  Azrael (D:14)
  13 yellow draconians
  11 black draconians
  A minotaur (Gauntlet)
  8 bunyips
  10 red draconians
  2 green deaths
  8 dire elephants
  8 spark wasps
  Snorg (D:12)
  3 eidola
  A merfolk impaler (Depths:3)
  4 blizzard demons
  12 deep elf death magi
  13 fire dragons
  An iron golem (Hell)
  2 entropy weavers (shapeshifter)
  12 ettins
  6 deep elf high priests
  A shambling mangrove (Swamp:4)
  6 entropy weavers
  8 jiangshi
  20 yaktaur captains
  8 rakshasas
  17 ice dragons
  3 spriggan zombies
  13 great orbs of eyes
  4 ogre magi
  2 quicksilver dragon skeletons (Crypt:3)
  3 radroaches
  22 hydras
  2 hell beasts (WizLab)
  A juggernaut simulacrum (Depths:2)
  35 vault guards
  3 catoblepae
  A ghost crab (Swamp:4)
  13 centaur warriors
  3 jorogumos (Spider:4)
  The ghost of Nacht the Thaumaturge, a journeyman MeEE of Kikubaaqudgha (D:10)
  38 dancing weapons
  13 ironbound frosthearts
  3 spriggan air magi
  A spriggan skeleton (Crypt:3)
  The ghost of FexLirch the Summoner, a journeyman FeAr of Nemelex Xobeh (Lair:5)
  5 boulder beetles
  5 deep troll shamans
  A satyr (shapeshifter) (Depths:3)
  3 death knights (Crypt:2)
  8 two-headed ogres
  6 death scarabs (Spider:4)
  8 tengu warriors
  9 hell hogs
  10 alligators
  A fenstrider witch skeleton (Crypt:2)
  2 titan zombies (Hell)
  5 death yaks (Lair:5)
  7 spriggan berserkers
  10 deep troll earth magi
  12 orc high priests
  14 vampire magi
  19 hell knights
  11 soul eaters
  17 deep elf knights
  A shock serpent (shapeshifter) (Vaults:4)
  2 skysharks (Lair:4)
  A fire crab (shapeshifter) (D:13)
  6 iron trolls
  5 sun demons
  6 titan skeletons (Crypt:3)
  4 shadow wraiths
  4 shadow demons
  45 skeletal warriors
  5 sixfirhies
  5 goliath frogs
  8 pharaoh ants
  11 flayed ghosts
  A sun moth (Spider:3)
  A goliath frog (shapeshifter) (Elf:1)
  A storm dragon skeleton (D:15)
  A spriggan druid (Swamp:4)
  4 glowing orange brains
  4 spark wasp zombies
  6 orb spiders
  6 bog bodies
  2 spriggan simulacra
  18 swamp dragons
  60 deep trolls
  16 deep elf archers
  A steelbarb worm (shapeshifter) (Elf:3)
  35 deep elf zephyrmancers
  Pikel (D:6)
  A spectral jorogumo (Spider:4)
  13 ironbound convokers
  17 orc knights
  8 wizards
  An iron dragon zombie (D:15)
  9 lindwurms
  A spectral wolf spider (Spider:4)
  10 steelbarb worms
  2 tengu zombies (Hell)
  A harpy (Vaults:4)
  2 orc sorcerers
  A shadow dragon zombie (Hell)
  30 deep elf pyromancers
  2 sphinx zombies
  9 phantasmal warriors
  14 wolf spiders
  31 ugly things
  12 necromancers
  3 frost giant zombies
  4 stone giant zombies
  2 will-o-the-wisps (Swamp:4)
  An oklob plant (Lair:3)
  2 manticores
  5 shining eyes
  A fire giant zombie (Vaults:2)
  5 cyclopes
  31 moths of wrath
  A sphinx skeleton (Crypt:1)
  7 black mambas
  3 stone giant skeletons (Crypt:3)
  2 ice statues (IceCv)
  3 dire elephant zombies
  7 elephants (Lair:5)
  A toenail golem (Depths:3)
  10 smoke demons
  12 centaur zombies (D:14)
  A titan simulacrum (Depths:2)
  5 demonic crawlers
  4 molten gargoyles (Hell)
  10 vault sentinels
  2 torpor snails (shapeshifter) (Vaults:4)
  7 rust devils
  3 dire elephant skeletons (Crypt:3)
  2 orange demons
  2 gargoyles
  5 torpor snails
  5 eyes of devastation
  15 cane toads
  3 kobold demonologists
  An unseen horror (D:13)
  An alligator snapping turtle skeleton (Crypt:3)
  2 redback zombies (Spider:4)
  3 tormentors
  3 rime drakes
  6 komodo dragons
  A death yak zombie (Crypt:3)
  6 freezing wraiths
  A spectral redback (Spider:4)
  4 tengu conjurers
  46 yaktaurs
  An iron troll zombie (Crypt:1)
  An unseen horror skeleton (Crypt:2)
  2 yaktaur skeletons (Vaults:4)
  A grey draconian skeleton (Crypt:2)
  An orb spider zombie (Crypt:1)
  An ice devil (WizLab)
  8 red devils
  7 trolls
  A black draconian skeleton (Crypt:1)
  A purple draconian skeleton (Crypt:2)
  7 meliai
  19 hornets
  A merfolk (shapeshifter) (Gauntlet)
  A queen bee (Lair:5)
  6 hellwings
  33 tarantellas
  16 tyrant leeches
  2 spectral jumping spiders (Spider:4)
  Prince Ribbit (Bailey)
  11 blink frogs
  3 spectral tarantellas (Spider:4)
  7 dream sheep (Lair:5)
  2 culicivora zombies
  2 jumping spider zombies (Spider:4)
  2 spectral culicivoras (Spider:4)
  A hydra skeleton (Crypt:3)
  4 flying skulls
  An iron dragon simulacrum (Depths:2)
  2 fire giant simulacra
  2 tarantella zombies (Spider:4)
  A black mamba zombie (Crypt:2)
  A meliai zombie (D:14)
  125 slime creatures
  34 jumping spiders
  3 vampires
  An air elemental (Elf:1)
  6 wyverns
  16 culicivoras
  4 ynoxinuls
  14 spriggans
  A centaur simulacrum (D:14)
  12 water elementals
  A yak (shapeshifter) (Gauntlet)
  A human (shapeshifter) (Gauntlet)
  A golden eye (shapeshifter) (D:15)
  10 wraiths
  A chaos spawn (Depths:1)
  36 yaks
  6 fire elementals
  2 steam dragons
  4 basilisks
  A hog (shapeshifter) (D:14)
  7 humans (Bailey)
  3 neqoxecs (WizLab)
  46 redbacks
  5 golden eyes
  A redback (shapeshifter) (Gauntlet)
  20 swamp worms
  2 glowing shapeshifter zombies (Hell)
  10 vampire mosquitoes
  2 acid dragons
  A harpy simulacrum (Crypt:2)
  3 wargs
  9 hell hounds
  Duvessa (D:4)
  9 water moccasins
  A cane toad skeleton (Crypt:3)
  7 swamp drakes
  3 floating eyes
  2 sky beasts
  A faun skeleton (Crypt:3)
  4 ice beasts
  A manticore zombie (Crypt:3)
  A swamp dragon zombie (Crypt:1)
  15 boggarts
  44 orc warriors
  4 black bears
  4 great orb of eyes simulacra (IceCv)
  5 ogres
  23 wolves
  10 centaurs
  3 lemures
  A slime creature simulacrum (IceCv)
  An elf simulacrum (Vaults:2)
  A rime drake skeleton (Crypt:3)
  A salamander zombie (Crypt:1)
  A vine stalker zombie (Crypt:2)
  12 necrophages
  23 bullfrogs
  3 scorpions
  4 kobold brigands
  3 glowing shapeshifter simulacra (IceCv)
  A gnoll sergeant (D:10)
  A deep troll simulacrum (Crypt:1)
  2 human skeletons
  2 earth elementals
  A hornet simulacrum (D:15)
  19 wights
  Dowan (D:4)
  15 killer bees
  A howler monkey (D:6)
  A shapeshifter skeleton (Crypt:1)
  4 electric eels (Spider:3)
  4 jellies (D:8)
  28 orc priests
  A gnoll bouda (D:8)
  Crazy Yiuf (D:4)
  3 iguanas
  2 boggart zombies (D:14)
  Ijyb (D:4)
  18 orc wizards
  5 hell rats (Lair:2)
  8 shapeshifter simulacra (IceCv)
  3 gnolls
  7 adders
  A shadow imp (D:8)
  3 white imps
  3 ufetubi
  A jelly zombie (Crypt:3)
  A lava snake skeleton (Crypt:2)
  A worm (D:2)
  A dart slug (D:2)
  97 orcs
  3 bats
  2 bat skeletons
  4 endoplasms
  5 giant cockroaches
  6 goblins
  9 hobgoblins
  3 jackals (D:4)
  44 kobolds
  2 quokkas
  6 ball pythons
  A ball python zombie (Crypt:1)
  3 frilled lizards
  3 rats
  A bush (Lair:3)
  A butterfly (Swamp:1)
2733 creatures vanquished.

Vanquished Creatures (collateral kills)
  A moth of wrath (Zot:1)
1 creature vanquished.

Vanquished Creatures (others)
  A deep elf annihilator (Vaults:5)
  A white draconian (Zot:1)
  A soul eater (Depths:1)
  2 deep elf knights (Elf:1)
  A sun demon (Depths:1)
  2 deep elf pyromancers
  A bloated husk (Swamp:3)
  A slime creature (Slime:5)
  A kobold brigand (D:6)
  An orc priest (D:8)
  2 orcs
  A demonic plant (Gauntlet)
  5 foxfires (Swamp:4)
  39 fungi
  130 plants
  6 withered plants (D:15)
195 creatures vanquished.

Grand Total: 2929 creatures vanquished

Notes
Turn   | Place    | Note
-------+----------+-------------------------------------------
     0 | D:5      | Twinkles the Hill Orc Delver began the quest for the Orb.
     0 | D:5      | Reached XP level 1. HP: 19/19 MP: 1/1
   412 | D:1      | Reached XP level 2. HP: 27/27 MP: 2/2
  1351 | D:2      | Reached XP level 3. HP: 31/33 MP: 3/3
  1363 | D:2      | Found a faded altar of an unknown god.
  1573 | D:2      | Reached skill level 1 in Armour
  2117 | D:3      | Identified the +6 scale mail of the Circus Animal {Will+
                  | rCorr}
  2195 | D:3      | Reached XP level 4. HP: 38/40 MP: 4/4
  2634 | D:4      | Noticed Duvessa
  2634 | D:4      | Noticed Dowan
  2753 | D:4      | Noticed Ijyb
  2790 | D:4      | Killed Ijyb
  2791 | D:4      | Reached skill level 5 in Axes
  2791 | D:4      | Reached XP level 5. HP: 40/47 MP: 5/5
  3007 | D:4      | Found a runed translucent door.
  3013 | D:4      | Noticed Crazy Yiuf
  3118 | D:4      | Found a basalt altar of Yredelemnul.
  3610 | D:5      | Reached skill level 5 in Fighting
  3610 | D:5      | Reached XP level 6. HP: 23/56 MP: 6/6
  4083 | D:5      | Reached XP level 7. HP: 39/61 MP: 7/7
  4436 | D:5      | HP: 18/62 [poisoned by a scorpion]
  4441 | D:5      | HP: 14/62 [poisoned by a scorpion]
  4797 | D:5      | HP: 18/62 [water moccasin (4)]
  4811 | D:5      | HP: 17/62 [poisoned by a water moccasin]
  4822 | D:5      | HP: 18/63 [poisoned by a water moccasin]
  5130 | D:6      | Noticed a steam dragon
  5146 | D:5      | Reached XP level 8. HP: 71/71 MP: 8/8
  5566 | D:6      | Reached skill level 5 in Armour
  5750 | D:7      | Noticed Pikel
  5813 | D:7      | Reached skill level 10 in Axes
  5845 | D:7      | Found a staircase to the Ecumenical Temple.
  5868 | Temple   | Entered the Ecumenical Temple
  6350 | Temple   | Became a worshipper of Qazlal Stormbringer
  6440 | D:7      | Reached XP level 9. HP: 61/79 MP: 9/9
  6905 | D:6      | Reached * piety under Qazlal
  7141 | D:7      | HP: 21/81 [poisoned by a kobold brigand (curare-tipped
                  | dart)]
  7146 | D:6      | HP: 13/81 [poisoned by a kobold brigand (curare-tipped
                  | dart)]
  7820 | D:6      | Killed Pikel
  8140 | D:7      | Noticed a cyclops
  8164 | D:7      | Killed a cyclops
  8511 | D:8      | Noticed a two-headed ogre
  8742 | D:7      | Reached XP level 10. HP: 87/91 MP: 10/10
  8853 | D:7      | Reached skill level 1 in Invocations
  9634 | D:8      | Found a viscous altar of Jiyva.
  9792 | D:8      | Killed a two-headed ogre
  9792 | D:8      | Reached ** piety under Qazlal
  9793 | D:8      | Reached skill level 5 in Invocations
 10402 | D:9      | Noticed a two-headed ogre
 10528 | D:9      | Killed a two-headed ogre
 10529 | D:9      | Reached skill level 10 in Fighting
 11878 | D:10     | Entered Level 10 of the Dungeon
 11938 | D:10     | Found an iron altar of Okawaru.
 12049 | D:10     | Reached XP level 11. HP: 49/101 MP: 17/17
 12095 | D:10     | Found Udem's Assorted Antiques.
 12146 | D:10     | HP: 27/101 [yak (7)]
 12153 | D:10     | HP: 14/101 [yak (6)]
 12160 | D:10     | HP: 13/101 [yak (3)]
 12399 | D:10     | Found a runed translucent gate.
 12400 | D:10     | Found a flagged portal.
 12422 | Bailey   | Entered a bailey
 12445 | Bailey   | Reached skill level 10 in Invocations
 12502 | Bailey   | Noticed Prince Ribbit
 12503 | Bailey   | Noticed a vault guard
 12513 | Bailey   | Killed a vault guard
 12543 | Bailey   | Killed Prince Ribbit
 12787 | Bailey   | Noticed a vault guard
 12805 | Bailey   | Killed a vault guard
 13273 | D:10     | Found a runed translucent gate.
 13273 | D:10     | Found a runed translucent gate.
 13275 | D:10     | Found an opulent altar of Gozag.
 13275 | D:10     | Noticed a yaktaur captain
 13313 | D:10     | Noticed a two-headed ogre
 13314 | D:10     | Noticed Nacht's ghost (journeyman MeEE)
 13370 | D:10     | Bought 2 scrolls of identify for 96 gold pieces
 13801 | D:11     | Noticed a cyclops
 13805 | D:11     | Killed a cyclops
 13936 | D:11     | Found a staircase to the Orcish Mines.
 13943 | D:11     | Reached skill level 15 in Axes
 14188 | D:11     | Found a staircase to the Lair.
 14188 | D:11     | Noticed a two-headed ogre
 14191 | D:11     | Killed a two-headed ogre
 14192 | D:11     | Reached XP level 12. HP: 112/112 MP: 10/21
 14772 | D:11     | Paralysed by a hornet for 1 turns
 15054 | Lair:1   | Entered Level 1 of the Lair of Beasts
 15832 | Lair:2   | HP: 29/113 [poisoned by a cane toad]
 15834 | Lair:1   | HP: 13/113 [poisoned by a cane toad]
 16085 | Lair:1   | HP: 27/113 [poisoned by a water moccasin]
 16090 | Lair:1   | HP: 13/113 [poisoned by a water moccasin]
 16095 | Lair:1   | HP: 9/113 [poisoned by a water moccasin]
 16489 | Lair:2   | Found a frozen archway.
 16509 | IceCv    | Entered an ice cave
 17259 | IceCv    | Reached *** piety under Qazlal
 18049 | IceCv    | Noticed a quicksilver ooze
 18059 | IceCv    | Killed a quicksilver ooze
 18531 | IceCv    | Reached skill level 15 in Invocations
 18597 | IceCv    | Reached XP level 13. HP: 39/122 MP: 24/24
 18597 | IceCv    | HP: 31/122 [slime creature (8)]
 18825 | IceCv    | Noticed an azure jelly
 18834 | IceCv    | Killed an azure jelly
 18837 | IceCv    | Noticed an azure jelly
 18842 | IceCv    | Killed an azure jelly
 18959 | IceCv    | Found a viscous altar of Jiyva.
 18983 | IceCv    | Got the +4 dagger "Viczeiv" {freeze, Fragile rC++ Dex+4}
 20155 | Lair:2   | Found a staircase to the Swamp.
 21010 | Lair:3   | Found a hole to the Spider Nest.
 21851 | Lair:4   | HP: 33/125 [skyshark (22)]
 21853 | Lair:4   | HP: 4/125 [skyshark (27)]
 21853 | Lair:4   | HP: 1/125 [skyshark (3)]
 22275 | Lair:4   | Reached XP level 14. HP: 111/133 MP: 21/26
 22693 | Lair:5   | Entered Level 5 of the Lair of Beasts
 22704 | Lair:5   | Reached skill level 15 in Fighting
 22706 | Lair:5   | Noticed FexLirch's ghost (journeyman FeAr)
 22707 | Lair:5   | Found a transporter.
 22712 | Lair:5   | Found a transporter.
 23028 | Lair:5   | Reached skill level 5 in Dodging
 23065 | Lair:5   | Found a staircase to the Slime Pits.
 23292 | Lair:5   | Reached **** piety under Qazlal
 23385 | Lair:5   | Reached skill level 10 in Armour
 23534 | Lair:5   | Noticed a dire elephant
 23548 | Lair:5   | Killed a dire elephant
 24551 | D:4      | Killed Duvessa
 24554 | D:4      | Killed Dowan
 24856 | D:12     | Noticed Snorg
 24904 | D:12     | Killed Snorg
 25857 | D:13     | Reached XP level 15. HP: 144/144 MP: 28/28
 26317 | D:13     | Reached skill level 1 in Shields
 26385 | D:14     | Found a gate to the Vaults.
 26492 | D:14     | Found a basalt altar of Yredelemnul.
 26528 | D:14     | Reached skill level 5 in Shields
 26556 | D:14     | Noticed Azrael
 26572 | D:14     | Killed Azrael
 26651 | D:14     | Found a gate leading to a gauntlet.
 26651 | D:14     | Found Iratukhu's Armour Boutique.
 26677 | Gauntlet | Entered a Gauntlet
 26677 | Gauntlet | Found a transporter.
 26677 | Gauntlet | Found a runed translucent gate.
 26677 | Gauntlet | Found a transporter.
 26683 | Gauntlet | Found a transporter.
 26684 | Gauntlet | Found a runed translucent gate.
 26684 | Gauntlet | Found a runed translucent gate.
 26696 | Gauntlet | Found a transporter.
 26714 | Gauntlet | Found a transporter.
 26714 | Gauntlet | Found a transporter.
 26714 | Gauntlet | Found a transporter.
 26716 | Gauntlet | Found a transporter.
 26716 | Gauntlet | Found a transporter.
 26728 | Gauntlet | Found a transporter.
 26741 | Gauntlet | Found a transporter.
 26754 | Gauntlet | Found a transporter.
 26759 | Gauntlet | Found a transporter.
 26793 | Gauntlet | Found a transporter.
 27193 | Gauntlet | Identified the +0 pair of gloves of the Moon {rPois Slay+2}
 27418 | Gauntlet | Identified the ring "Duenixt" {rF++ SInv Stlth+}
 27436 | Gauntlet | Identified the +8 tower shield "Kimaont" {Int+4}
 27783 | D:14     | Noticed Agnes
 27793 | D:14     | Killed Agnes
 27874 | D:14     | Identified the +2 robe of the Tormentor {rPois Will+}
 28007 | Orc:1    | Entered Level 1 of the Orcish Mines
 28124 | Orc:1    | Found a dark tunnel.
 28137 | Volcano  | Entered a volcano
 28225 | Volcano  | Reached XP level 16. HP: 154/155 MP: 29/29
 28545 | Orc:2    | Entered Level 2 of the Orcish Mines
 28595 | Orc:2    | Reached ***** piety under Qazlal
 28679 | Orc:2    | HP: 36/155 [orc knight/+0 bardiche (28)]
 29119 | Orc:2    | Found Woref's Book Boutique.
 29122 | Orc:2    | Found Muihonotz's General Store.
 29123 | Orc:2    | Found Royxkug's Jewellery Boutique.
 29124 | Orc:2    | Found Apte's Jewellery Boutique.
 29230 | Orc:2    | Found a staircase to the Elven Halls.
 29233 | Orc:2    | Found a roughly hewn altar of Beogh.
 29954 | D:15     | Entered Level 15 of the Dungeon
 30392 | D:15     | Found a runed translucent door.
 30394 | D:15     | Noticed Jeffwins's ghost (adept HuWn)
 30409 | D:15     | Noticed Jorgrun
 30419 | D:15     | Killed Jorgrun
 30509 | D:15     | Found a staircase to the Depths.
 30526 | D:15     | Reached skill level 10 in Shields
 30999 | Swamp:1  | Entered Level 1 of the Swamp
 31217 | Swamp:1  | Reached XP level 17. HP: 163/163 MP: 31/31
 32338 | Orc:2    | Bought the ring of Music {Will+ MP+9 Str+8 Int-2 Stlth+}
                  | for 861 gold pieces
 32995 | Swamp:3  | Reached ****** piety under Qazlal
 33047 | Swamp:3  | Found a transporter.
 33063 | Swamp:3  | Identified 2 scrolls of acquirement
 33421 | Swamp:3  | Noticed Kikiss's ghost (adept DrTm)
 33464 | Swamp:3  | Found a transporter.
 33525 | Swamp:4  | Entered Level 4 of the Swamp
 33903 | Swamp:4  | Noticed the 27-headed Lernaean hydra
 33911 | Swamp:4  | Killed the 27-headed Lernaean hydra
 34125 | Swamp:4  | Got a decaying rune of Zot
 34590 | Spider:1 | Entered Level 1 of the Spider Nest
 34601 | Spider:1 | Reached XP level 18. HP: 176/176 MP: 33/33
 34775 | Spider:1 | Noticed Rupert
 34779 | Spider:1 | Killed Rupert
 35323 | Spider:1 | Reached skill level 15 in Armour
 36140 | Spider:2 | Gained mutation: You are frail. (-10% HP) [mutagenic glow]
 36275 | Lair:5   | Killed FexLirch's ghost
 36290 | Lair:5   | Lost mutation: You are frail. (-10% HP) [potion of
                  | mutation]
 36290 | Lair:5   | Gained mutation: You sometimes lose your temper in combat.
                  | [potion of mutation]
 36290 | Lair:5   | Gained mutation: Your spells are a little harder to cast,
                  | but a little more powerful. [potion of mutation]
 36735 | Spider:2 | Identified the +2 pair of gloves of the Sturgeon {rPois
                  | Will+ Regen+ Int-2}
 36968 | Orc:2    | Bought the ring of Anuomae {rElec rCorr Str+6} for 834 gold
                  | pieces
 36982 | Orc:2    | Acquired 467 gold pieces
 36986 | Orc:2    | Acquired 1065 gold pieces
 36990 | Orc:2    | Acquired the amulet "Cocasm" {Reflect -Cast Fly rC+ Will++
                  | SH+5}
 37504 | Spider:3 | Noticed Arachne
 37559 | Spider:2 | Killed Arachne
 37924 | Spider:3 | Found a runed translucent gate.
 37925 | Spider:3 | Found a runed translucent gate.
 37925 | Spider:3 | Noticed Dogosyr's ghost (journeyman DgEE)
 37926 | Spider:3 | Found a runed translucent gate.
 38166 | Spider:4 | Entered Level 4 of the Spider Nest
 38454 | Spider:4 | Reached XP level 19. HP: 173/185 MP: 35/35
 39537 | Spider:4 | Identified the +1 chain mail of Prudence {+Inv Slay+3}
 39610 | Spider:4 | Got a gossamer rune of Zot
 39891 | Elf:1    | Entered Level 1 of the Elven Halls
 39981 | Elf:1    | Identified the +5 arbalest "Juunt" {speed, Int-5 Dex+4}
 40130 | Elf:1    | Paralysed by an air elemental for 1 turns
 41108 | Elf:2    | Found a runed translucent gate.
 41108 | Elf:2    | Found a runed translucent gate.
 41119 | Elf:2    | Found a runed translucent gate.
 41213 | Elf:2    | Found a shimmering blue altar of Sif Muna.
 41223 | Elf:2    | Paralysed by an air elemental for 1 turns
 41276 | Elf:2    | Identified the amulet "Liygee Egila" {RegenMP Rampage rN+
                  | Str+2}
 41278 | Elf:2    | Noticed a Hell Sentinel
 41280 | Elf:2    | Noticed a Tzitzimitl
 41289 | Elf:2    | Got the Tome of Summoning
 41407 | Elf:2    | Found Litej's Antique Armour Boutique.
 41447 | Elf:2    | Reached XP level 20. HP: 198/198 MP: 36/36
 42118 | Elf:3    | Entered Level 3 of the Elven Halls
 42137 | Elf:3    | Noticed Saint Roka
 42154 | Elf:3    | Killed Saint Roka
 42520 | Elf:3    | Noticed a Tzitzimitl
 42778 | Elf:3    | Identified the amulet "Iptinaw" {Spirit Dex+4}
 42915 | Elf:3    | Found Soesith's Self-Improvement Boutique.
 42977 | Elf:3    | Identified the ring of the Philosopher {EV+5 Str+6 Dex-4}
 43212 | Elf:3    | Found the dreamshard necklace {*Dream Drain}
 43223 | Elf:3    | Identified the +10 dire flail of the Hidden Hells {flame,
                  | rC+ rN+}
 43386 | Elf:3    | Identified Roxanne's Secrets of Metamorphosis
 43386 | Elf:3    | Noticed Roxanne
 43512 | Elf:3    | Found a radiant altar of Vehumet.
 43581 | Elf:3    | Killed Roxanne
 43591 | Elf:3    | Upgraded the game from 0.30-a0-830-gfe289a77b0 to
                  | 0.30-a0-840-ga523dec638
 43849 | Vaults:1 | Entered Level 1 of the Vaults
 44087 | Vaults:1 | Reached XP level 21. HP: 205/205 MP: 37/37
 44124 | Vaults:1 | Found a flickering gateway to a bazaar.
 44157 | Bazaar   | Entered a bazaar
 44157 | Bazaar   | Found Xehawaqo's Magic Scroll Boutique.
 44157 | Bazaar   | Found Iqubed's Antique Weapon Shoppe.
 44157 | Bazaar   | Found Vepleara's Distillery.
 44157 | Bazaar   | Found Nuqih's Jewellery Shoppe.
 44171 | Bazaar   | Found Johiaf's Magic Scroll Emporium.
 44212 | Bazaar   | Bought a scroll of teleportation for 36 gold pieces
 44212 | Bazaar   | Bought a scroll of blinking for 90 gold pieces
 44229 | Bazaar   | Bought a scroll of blinking for 90 gold pieces
 44232 | Bazaar   | Bought a potion of might for 48 gold pieces
 44232 | Bazaar   | Bought a potion of resistance for 120 gold pieces
 44232 | Bazaar   | Bought a potion of resistance for 120 gold pieces
 44232 | Bazaar   | Bought a potion of mutation for 96 gold pieces
 44232 | Bazaar   | Bought a potion of might for 48 gold pieces
 44232 | Bazaar   | Bought a potion of mutation for 96 gold pieces
 44240 | Bazaar   | Bought a scroll of brand weapon for 114 gold pieces
 44240 | Bazaar   | Bought 2 scrolls of immolation for 96 gold pieces
 44251 | Bazaar   | Bought a scroll of fear for 48 gold pieces
 44251 | Bazaar   | Bought a scroll of fear for 48 gold pieces
 44254 | Bazaar   | Bought a potion of curing for 36 gold pieces
 44257 | Bazaar   | Bought a scroll of magic mapping for 90 gold pieces
 45444 | Vaults:1 | Lost mutation: You sometimes lose your temper in combat.
                  | [potion of mutation]
 45444 | Vaults:1 | Lost mutation: Your spells are a little harder to cast, but
                  | a little more powerful. [potion of mutation]
 45444 | Vaults:1 | Gained mutation: Your body sometimes deteriorates upon
                  | taking damage. [potion of mutation]
 45444 | Vaults:1 | Gained mutation: Your mind is acute. (Int +4, Str/Dex -1)
                  | [potion of mutation]
 45445 | Vaults:1 | Lost mutation: Your body sometimes deteriorates upon taking
                  | damage. [potion of mutation]
 45445 | Vaults:1 | Lost mutation: Your mind is acute. (Int +4, Str/Dex -1)
                  | [potion of mutation]
 45445 | Vaults:1 | Gained mutation: Armour fits poorly on your strangely
                  | shaped body. [potion of mutation]
 45445 | Vaults:1 | Gained mutation: You expend magic power (3 MP) to
                  | strengthen your wands. [potion of mutation]
 45446 | Vaults:1 | Lost mutation: Armour fits poorly on your strangely shaped
                  | body. [potion of mutation]
 45446 | Vaults:1 | Lost mutation: You expend magic power (3 MP) to strengthen
                  | your wands. [potion of mutation]
 45446 | Vaults:1 | Gained mutation: Your spells are a little harder to cast,
                  | but a little more powerful. [potion of mutation]
 45446 | Vaults:1 | Gained mutation: You have a pair of small horns on your
                  | head. [potion of mutation]
 45931 | Vaults:2 | Noticed Margery
 45939 | Vaults:2 | Killed Margery
 46578 | Vaults:3 | Reached skill level 10 in Dodging
 46953 | Vaults:3 | Found a magical portal.
 46987 | Vaults:3 | Reached XP level 22. HP: 216/216 MP: 39/39
 47017 | WizLab   | Entered The Hall of the Hellbinder
 47098 | WizLab   | Gained mutation: Your body sometimes deteriorates upon
                  | taking damage. [a neqoxec]
 47237 | WizLab   | Noticed Jejuluac
 47240 | WizLab   | Killed Jejuluac the Hellbinder
 47241 | WizLab   | Reached skill level 15 in Shields
 47394 | WizLab   | Found a burning altar of Makhleb.
 47410 | WizLab   | Identified the ring of Kulateb {rF+ Will+ MP+9 Int+2}
 47414 | WizLab   | Identified the amulet of Jiuck {Faith rElec rC+}
 47533 | WizLab   | Lost mutation: You have a pair of small horns on your head.
                  | [potion of mutation]
 47533 | WizLab   | Lost mutation: Your body sometimes deteriorates upon taking
                  | damage. [potion of mutation]
 47533 | WizLab   | Lost mutation: Your spells are a little harder to cast, but
                  | a little more powerful. [potion of mutation]
 47533 | WizLab   | Gained mutation: You are partially covered in iridescent
                  | scales. (AC +2) [potion of mutation]
 48189 | Vaults:3 | Found a staircase to the Crypt.
 49600 | Vaults:4 | Found a runed translucent gate.
 49600 | Vaults:4 | Found a runed translucent gate.
 49600 | Vaults:4 | Noticed Wyfalan's ghost (adept DrCj)
 49601 | Vaults:4 | Found a runed translucent gate.
 49603 | Vaults:4 | Found a roughly hewn altar of Beogh.
 49604 | Vaults:4 | Found the +6 lightning scales {swift, rElec}
 50199 | D:14     | Bought a +1 pair of boots of stealth for 280 gold pieces
 50278 | Depths:1 | Entered Level 1 of the Depths
 50560 | Depths:1 | Noticed a caustic shrike
 50575 | Depths:1 | Killed a caustic shrike
 50677 | Depths:1 | Reached XP level 23. HP: 219/226 MP: 40/40
 50761 | Depths:1 | Found a gateway to Hell.
 50938 | Depths:1 | Identified the +5 scale mail of the Mangosteen {rElec Int-2
                  | SInv}
 51158 | Depths:1 | Identified the +2 buckler of the Blessed Realm {rF- Regen+
                  | Str+2 Slay+3}
 51740 | Depths:2 | Reached skill level 27 in Invocations
 52126 | Depths:2 | Found a flickering gateway to a bazaar.
 52146 | Bazaar   | Entered a bazaar
 52146 | Bazaar   | Found Rattiaj's Antique Weapon Boutique.
 52146 | Bazaar   | Found Tiume's Book Emporium.
 52146 | Bazaar   | Found Adosk's Distillery.
 52165 | Bazaar   | Found Xyit's Distillery.
 52165 | Bazaar   | Found Eraklol's Armour Shoppe.
 52188 | Bazaar   | Bought 2 potions of invisibility for 112 gold pieces
 52188 | Bazaar   | Bought a potion of heal wounds for 35 gold pieces
 52188 | Bazaar   | Bought a potion of mutation for 56 gold pieces
 52188 | Bazaar   | Bought a potion of berserk rage for 35 gold pieces
 52188 | Bazaar   | Bought a potion of curing for 21 gold pieces
 52188 | Bazaar   | Bought a potion of heal wounds for 35 gold pieces
 52194 | Bazaar   | Bought a potion of might for 52 gold pieces
 52194 | Bazaar   | Bought a potion of invisibility for 104 gold pieces
 52194 | Bazaar   | Bought a potion of curing for 39 gold pieces
 52194 | Bazaar   | Bought a potion of haste for 130 gold pieces
 52194 | Bazaar   | Bought a potion of resistance for 130 gold pieces
 52280 | Depths:2 | Noticed a shard shrike
 52286 | Depths:2 | Noticed a shard shrike
 52287 | Depths:2 | Killed a shard shrike
 52288 | Depths:2 | Killed a shard shrike
 52501 | Depths:2 | Identified the ring "Qalamuf" {Will+ Str-4 SInv Stlth+}
 53079 | Depths:2 | Got the Elucidation of the Flamy Geologist
 53168 | Depths:2 | Found a one-way gate leading to the halls of Pandemonium.
 53300 | Depths:3 | Found a stormy altar of Qazlal.
 53315 | Depths:3 | Found Seash's Armour Boutique.
 53318 | Depths:3 | Found a runed translucent door.
 53478 | Depths:3 | Found a one-way gate to the infinite horrors of the Abyss.
 53560 | Depths:3 | Found Liaqar's Pet Rocks.
 53575 | Depths:3 | Found a runed translucent door.
 54053 | Depths:3 | Noticed Monkooky's ghost (adept DgHu)
 54054 | Depths:3 | Noticed a dread lich
 54165 | Depths:3 | Noticed a caustic shrike
 54168 | Depths:3 | Killed a caustic shrike
 54370 | Depths:4 | Entered Level 4 of the Depths
 54477 | Depths:4 | Noticed a juggernaut
 54485 | Depths:4 | Noticed Xtahua
 54489 | Depths:4 | Killed a juggernaut
 54490 | Depths:4 | Reached XP level 24. HP: 183/238 MP: 40/40
 54503 | Depths:4 | Killed Xtahua
 54688 | Depths:4 | Paralysed by a floating eye for 2 turns
 54801 | Depths:4 | Noticed Parghit
 54815 | Depths:4 | Noticed a caustic shrike
 54818 | Depths:4 | Noticed a caustic shrike
 54819 | Depths:4 | Noticed a caustic shrike
 54828 | Depths:4 | Paralysed by a floating eye for 4 turns
 54833 | Depths:4 | Killed a caustic shrike
 54833 | Depths:4 | Killed a caustic shrike
 54844 | Depths:4 | Killed Parghit
 54850 | Depths:4 | Killed a caustic shrike
 54980 | Depths:4 | Found a gate to the Realm of Zot.
 55106 | Depths:4 | Found a one-way gateway to a ziggurat.
 56328 | Swamp:3  | Killed Kikiss's ghost
 56356 | Swamp:3  | Identified the ring "Akhlulext" {MP+9 Str-5 Int+2 Stlth+}
 57151 | Spider:3 | Killed Dogosyr's ghost
 57844 | Crypt:1  | Entered Level 1 of the Crypt
 58456 | Crypt:1  | Found a transporter.
 58469 | Crypt:1  | Noticed Omiorith's ghost (adept GrFi)
 58475 | Crypt:1  | Found a transporter.
 58606 | Crypt:1  | Found a basalt altar of Yredelemnul.
 59358 | Crypt:2  | HP: 63/243 [vampire knight/vampiric draining (15)]
 59696 | Crypt:2  | Noticed Donald
 59729 | Crypt:1  | Killed Donald
 59896 | Crypt:2  | Reached XP level 25. HP: 250/250 MP: 40/40
 60121 | Crypt:2  | Noticed Sojobo
 60128 | Crypt:2  | Killed Sojobo
 60395 | Crypt:3  | Entered Level 3 of the Crypt
 60724 | Crypt:3  | Found a staircase to the Tomb.
 60757 | Crypt:3  | Found a shadowy altar of Dithmenos.
 60858 | Crypt:3  | Reached skill level 1 in Evocations
 61358 | Crypt:3  | Noticed an ancient lich
 61368 | Crypt:3  | Killed an ancient lich
 61978 | Crypt:3  | Found the +7 lajatang of Order {silver, rMut}
 61999 | Crypt:3  | Identified the amulet "Kayjovio" {RegenMP rN+ Str+2}
 62036 | Crypt:3  | Got Lymusulih's Verses on Malignant Arts
 62523 | Slime:1  | Entered Level 1 of the Pits of Slime
 62561 | Slime:1  | Gained mutation: You are clumsy. (Dex -2) [a shining eye]
 62580 | Slime:1  | Reached skill level 5 in Evocations
 62690 | Slime:1  | Gained mutation: Armour fits poorly on your strangely
                  | shaped body. [a shining eye]
 63032 | Slime:5  | Entered Level 5 of the Pits of Slime
 63338 | Slime:4  | Reached skill level 15 in Dodging
 63529 | Slime:5  | Noticed the Royal Jelly
 63774 | Slime:4  | Reached XP level 26. HP: 255/264 MP: 40/40
 64072 | Slime:5  | Killed the Royal Jelly
 64522 | Slime:5  | Identified the +2 scale mail of Goefual {Int+4 SInv}
 64550 | Slime:5  | Identified the +3 war axe of Extermination {flame, Int+2
                  | Dex+3}
 64587 | Slime:5  | Got the Parchment of Incendiary Shades
 64590 | Slime:5  | Identified the +7 spear of the Pharaoh's Fist {vamp, rElec
                  | rF+ Str+2}
 64622 | Slime:5  | Got a slimy rune of Zot
 64958 | Lair:5   | Lost mutation: You are clumsy. (Dex -2) [potion of
                  | mutation]
 64958 | Lair:5   | Lost mutation: You are partially covered in iridescent
                  | scales. (AC +2) [potion of mutation]
 64958 | Lair:5   | Lost mutation: Armour fits poorly on your strangely shaped
                  | body. [potion of mutation]
 64958 | Lair:5   | Gained mutation: Your flesh is heat resistant. (rF+)
                  | [potion of mutation]
 65114 | D:10     | Killed Nacht's ghost
 65415 | D:4      | Killed Crazy Yiuf
 65676 | D:10     | Bought a wand of iceblast (1) for 57 gold pieces
 65676 | D:10     | Bought a scroll of blinking for 180 gold pieces
 65676 | D:10     | Bought a scroll of teleportation for 72 gold pieces
 65676 | D:10     | Bought a scroll of fog for 96 gold pieces
 65805 | Orc:2    | Bought a scroll of teleportation for 36 gold pieces
 66207 | D:15     | Killed Jeffwins's ghost
 66512 | Vaults:4 | Killed Wyfalan's ghost
 66521 | Vaults:4 | Identified the +1 cloak "Fuettei" {rF+}
 66837 | Vaults:5 | Entered Level 5 of the Vaults
 66889 | Vaults:5 | Noticed a dread lich
 66889 | Vaults:5 | Identified the +11 battleaxe of Imae {pain, Str+2 Int+3}
 66919 | Vaults:4 | Reached skill level 27 in Fighting
 66953 | Vaults:5 | Noticed an ancient lich
 66960 | Vaults:4 | Killed a dread lich
 67026 | Vaults:5 | Identified the +2 dagger of Disarray {freeze, MP+9 Str+2}
 67029 | Vaults:5 | Noticed an ancient lich
 67039 | Vaults:4 | Reached skill level 10 in Evocations
 67095 | Vaults:4 | Killed an ancient lich
 67118 | Vaults:4 | Killed an ancient lich
 67132 | Vaults:5 | Identified the +3 morningstar "Fivveam" {freeze, +Blink
                  | Will+}
 67663 | Vaults:5 | Reached XP level 27. HP: 263/264 MP: 40/40
 67669 | Vaults:5 | Noticed a dread lich
 67684 | Vaults:5 | Killed a dread lich
 68280 | Vaults:5 | Got a silver rune of Zot
 68566 | Vaults:5 | Identified the ring "Wovviopn" {rN++ rCorr EV+5 Int-2}
 68576 | Vaults:5 | Identified the ring "Modol" {rCorr Dex+5}
 69556 | Hell     | Entered the Vestibule of Hell
 69556 | Hell     | Noticed Geryon
 69566 | Hell     | Reached skill level 1 in Throwing
 69568 | Hell     | Killed Geryon
 69741 | Hell     | Noticed an ancient lich
 69782 | Depths:1 | Killed an ancient lich
 69866 | Hell     | Reached skill level 15 in Evocations
 69979 | Hell     | Found a gateway to the ashen valley of Gehenna.
 70059 | Hell     | Found a gateway to the decaying netherworld of Tartarus.
 70095 | Hell     | Found a gateway to the freezing wastes of Cocytus.
 70173 | Hell     | Found a gateway to the Iron City of Dis.
 70487 | Depths:3 | Gained mutation: You are clumsy. (Dex -2) [mutagenic glow]
 70504 | Depths:3 | Gained mutation: You are weak. (Str -2) [mutagenic glow]
 70520 | Depths:3 | Gained mutation: You sometimes lose your temper in combat.
                  | [mutagenic glow]
 70524 | Depths:3 | Killed Monkooky's ghost
 70535 | Depths:3 | Gained mutation: Armour fits poorly on your strangely
                  | shaped body. [mutagenic glow]
 70553 | Depths:3 | Gained mutation: You occasionally shout uncontrollably at
                  | your foes. [mutagenic glow]
 70561 | Depths:3 | Gained mutation: You occasionally lose the ability to drink
                  | potions when taking damage. [mutagenic glow]
 70630 | Depths:3 | Lost mutation: You sometimes lose your temper in combat.
                  | [potion of mutation]
 70630 | Depths:3 | Lost mutation: You occasionally lose the ability to drink
                  | potions when taking damage. [potion of mutation]
 70630 | Depths:3 | Lost mutation: Your flesh is heat resistant. (rF+) [potion
                  | of mutation]
 70631 | Depths:3 | Lost mutation: You are clumsy. (Dex -2) [potion of
                  | mutation]
 70631 | Depths:3 | Lost mutation: You occasionally shout uncontrollably at
                  | your foes. [potion of mutation]
 70631 | Depths:3 | Lost mutation: Armour fits poorly on your strangely shaped
                  | body. [potion of mutation]
 70631 | Depths:3 | Gained mutation: You have a somewhat thin skeletal
                  | structure. (Dex +2, Stealth+) [potion of mutation]
 70631 | Depths:3 | Gained mutation: You are vulnerable to heat. (rF-) [potion
                  | of mutation]
 70632 | Depths:3 | Lost mutation: You are weak. (Str -2) [potion of mutation]
 70632 | Depths:3 | Lost mutation: You are vulnerable to heat. (rF-) [potion of
                  | mutation]
 70632 | Depths:3 | Lost mutation: You have a somewhat thin skeletal structure.
                  | (Dex +2, Stealth+) [potion of mutation]
 70632 | Depths:3 | Gained mutation: You are partially covered in iridescent
                  | scales. (AC +2) [potion of mutation]
 70632 | Depths:3 | Gained mutation: You have large cloven feet. [potion of
                  | mutation]
 70632 | Depths:3 | Gained mutation: You have hoof-like feet. [potion of
                  | mutation]
 70632 | Depths:3 | Gained mutation: You have supernaturally acute eyesight.
                  | (SInv) [potion of mutation]
 70729 | Zot:1    | Entered Level 1 of the Realm of Zot
 70926 | Depths:4 | Reached skill level 5 in Throwing
 73081 | Zot:3    | Noticed Grunn
 73205 | Zot:3    | Killed Grunn
 73309 | Zot:3    | Found the +7 mace of Variability {chaos, chain chaos}
 73663 | Zot:3    | Acquired the ring of Hospitality {Fire +Blink rPois rCorr
                  | Int+2}
 74507 | Zot:4    | Noticed an orb of fire
 74514 | Zot:4    | Killed an orb of fire
 75248 | Zot:5    | Entered Level 5 of the Realm of Zot
 76283 | Zot:5    | Noticed an orb of fire
 76317 | Zot:5    | Killed an orb of fire
 76317 | Zot:5    | Noticed an orb of fire
 76323 | Zot:5    | Gained mutation: You occasionally lose the ability to read
                  | scrolls when taking damage. [an orb of fire]
 76326 | Zot:5    | Gained mutation: Your spells are a little easier to cast,
                  | but a little less powerful. [an orb of fire]
 76339 | Zot:5    | Gained mutation: You do not regenerate when monsters are
                  | visible. [an orb of fire]
 76341 | Zot:5    | Killed an orb of fire
 76342 | Zot:5    | Noticed an ancient lich
 76349 | Zot:5    | Killed an ancient lich
 76349 | Zot:5    | Noticed a dread lich
 76350 | Zot:5    | Reached skill level 10 in Throwing
 76353 | Zot:5    | Killed a dread lich
 76353 | Zot:5    | Noticed an orb of fire
 76367 | Zot:5    | Gained mutation: Armour fits poorly on your strangely
                  | shaped body. [an orb of fire]
 76372 | Zot:5    | Killed an orb of fire
 76372 | Zot:5    | Noticed a dread lich
 76376 | Zot:5    | Killed a dread lich
 76376 | Zot:5    | Noticed an orb of fire
 76384 | Zot:5    | Gained mutation: You are dopey. (Int -2) [an orb of fire]
 76390 | Zot:5    | Killed an orb of fire
 76390 | Zot:5    | Noticed a dread lich
 76396 | Zot:5    | Killed a dread lich
 76396 | Zot:5    | Noticed a dread lich
 76404 | Zot:5    | Killed a dread lich
 76407 | Zot:5    | Noticed a dread lich
 76408 | Zot:5    | Noticed an ancient lich
 76409 | Zot:5    | Noticed an ancient lich
 76498 | Zot:4    | Lost mutation: You have hoof-like feet. [potion of
                  | mutation]
 76498 | Zot:4    | Lost mutation: You have supernaturally acute eyesight.
                  | (SInv) [potion of mutation]
 76498 | Zot:4    | Gained mutation: Your body sometimes deteriorates upon
                  | taking damage. [potion of mutation]
 76498 | Zot:4    | Lost mutation: Armour fits poorly on your strangely shaped
                  | body. [potion of mutation]
 76499 | Zot:4    | Lost mutation: Your body sometimes deteriorates upon taking
                  | damage. [potion of mutation]
 76499 | Zot:4    | Lost mutation: You have large cloven feet. [potion of
                  | mutation]
 76499 | Zot:4    | Lost mutation: You are dopey. (Int -2) [potion of mutation]
 76499 | Zot:4    | Gained mutation: You occasionally lose the ability to drink
                  | potions when taking damage. [potion of mutation]
 76500 | Zot:4    | Lost mutation: You occasionally lose the ability to read
                  | scrolls when taking damage. [potion of mutation]
 76500 | Zot:4    | Lost mutation: Your spells are a little easier to cast, but
                  | a little less powerful. [potion of mutation]
 76500 | Zot:4    | Gained mutation: You have a pair of small horns on your
                  | head. [potion of mutation]
 76500 | Zot:4    | Lost mutation: You do not regenerate when monsters are
                  | visible. [potion of mutation]
 76500 | Zot:4    | Gained mutation: You are mostly covered in iridescent
                  | scales. (AC +4) [potion of mutation]
 76766 | Zot:5    | Killed a dread lich
 76784 | Zot:4    | Killed an ancient lich
 77357 | Zot:5    | Killed an ancient lich
 77366 | Zot:5    | Noticed an ancient lich
 77375 | Zot:5    | Killed an ancient lich
 78356 | Zot:5    | Got the Orb of Zot
 78552 | Depths:2 | Noticed Jerab the pandemonium lord
 78709 | D:10     | Noticed Cism the pandemonium lord
 78898 | D:1      | Lost mutation: You have a pair of small horns on your head.
                  | [potion of mutation]
 78898 | D:1      | Lost mutation: You are mostly covered in iridescent scales.
                  | (AC +4) [potion of mutation]
 78898 | D:1      | Lost mutation: You are partially covered in iridescent
                  | scales. (AC +2) [potion of mutation]
 78898 | D:1      | Gained mutation: You sometimes lose the ability to drink
                  | potions when taking damage. [potion of mutation]
 78898 | D:1      | Gained mutation: You possess an exceptional clarity of
                  | mind. [potion of mutation]
 78898 | D:1      | Lost mutation: You sometimes lose the ability to drink
                  | potions when taking damage. [potion of mutation]
 78898 | D:1      | Gained mutation: You have sharp toenails. [potion of
                  | mutation]
 78899 | D:1      | Lost mutation: You possess an exceptional clarity of mind.
                  | [potion of mutation]
 78899 | D:1      | Lost mutation: You occasionally lose the ability to drink
                  | potions when taking damage. [potion of mutation]
 78899 | D:1      | Lost mutation: You have sharp toenails. [potion of
                  | mutation]
 78899 | D:1      | Gained mutation: You occasionally lose the ability to drink
                  | potions when taking damage. [potion of mutation]
 78899 | D:1      | Gained mutation: Armour fits poorly on your strangely
                  | shaped body. [potion of mutation]
 78899 | D:1      | Gained mutation: You have hidden genetic defects. [potion
                  | of mutation]
 78900 | D:1      | Lost mutation: Armour fits poorly on your strangely shaped
                  | body. [potion of mutation]
 78900 | D:1      | Lost mutation: You occasionally lose the ability to drink
                  | potions when taking damage. [potion of mutation]
 78900 | D:1      | Lost mutation: You have hidden genetic defects. [potion of
                  | mutation]
 78900 | D:1      | Gained mutation: You have a pair of small antennae on your
                  | head. [potion of mutation]
 78900 | D:1      | Gained mutation: You have sharp fingernails. [potion of
                  | mutation]
 78900 | D:1      | Gained mutation: Your magical capacity is low. (-10% MP)
                  | [potion of mutation]
 78901 | D:1      | Lost mutation: You have a pair of small antennae on your
                  | head. [potion of mutation]
 78901 | D:1      | Lost mutation: You have sharp fingernails. [potion of
                  | mutation]
 78901 | D:1      | Lost mutation: Your magical capacity is low. (-10% MP)
                  | [potion of mutation]
 78901 | D:1      | Gained mutation: You are weak. (Str -2) [potion of
                  | mutation]
 78902 | D:1      | Lost mutation: You are weak. (Str -2) [potion of mutation]
 78902 | D:1      | Gained mutation: You are resistant to electric shocks.
                  | (rElec) [potion of mutation]
 78915 | D:$      | Escaped with the Orb!

Illustrated notes

Levels and vault maps discovered:
D:1:      dpeg_chamrin_arrival_tetris, layout_basic, nicolae_eternal_life,
          minmay_unequal
D:2:      layout_rooms, hellmonk_ecumenical_altar_crossroads
D:3:      layout_basic
D:4:      layout_gridville, mainiacjoe_overflow_alcove_2, uniq_duvessa,
          uniq_ijyb, uniq_crazy_yiuf_cottage
D:5:      kennysheep_six_static_rooms, layout_basic
D:6:      kennysheep_kobold_camp, layout_rooms
D:7:      layout_rooms, minmay_temple_entry_water_ring, uniq_pikel
D:8:      layout_basic, jiyva_altar_1
D:9:      layout_roguey
D:10:     layout_loops_ring, mainiacjoe_overflow_brackets, serial_shops, shop,
          ebering_ghost_gozag, enter_bailey_4
D:11:     layout_stronghold, lair_entry_dummy, david_orc_3
D:12:     layout_cave_pools, amcnicky_mini_rare_corridor_liquid, uniq_snorg
D:13:     layout_basic, einodemon_armed_red_devil_minivault
D:14:     layout_rooms, lightli_vaults_fourway_checkpoint, serial_shops,
          nicolae_shop_stone, gauntlet_entry_generic,
          nicolae_yredelemnul_corpse_copse, uniq_agnes, uniq_azrael
D:15:     gammafunk_depths_entry_grave, layout_cross,
          hellmonk_ghost_happy_afterlife, minmay_misc_feat_diagonals,
          uniq_jorgrun
Temple:   mainiacjoe_temple_big_plus
Lair:1:   layout_misc_corridors
Lair:2:   layout_loops_ring, palyth_hydra_swamp_entry,
          portal_ice_cave_entry_pillars_2, roderic_carrion_pond
Lair:3:   layout_chaotic_city, nicolae_spider_entry_lesser_pyramids,
          minmay_lair_oklob_bushes
Lair:4:   layout_loops_ring
Lair:5:   grunt_lair_end_beastmaster, layout_long_grid, slime_entry_1,
          gammafunk_ghost_hive, bobbens_ice_dragon_lair
Swamp:1:  layout_falls_marsh, nicolae_swamp_small_spring, swamp_pool1,
          nicolae_swamp_frolicking_bunyips
Swamp:2:  layout_basic_swamp, serial_swamp_ruin, evilmike_swamp_ruin_house_3,
          evilmike_swamp_ruin_rubble_1, swamp_pool1
Swamp:3:  layout_basic_swamp, gammafunk_ghost_berserking_beasts,
          nicolae_swamp_tree_designs
Swamp:4:  swamp_old_school, layout_basic_swamp
Spider:1: layout_spider_delve, nicolae_spider_scorpion_nest, uniq_rupert
Spider:2: layout_spider_delve, drop_trap, hellmonk_motheaten_closet,
          hangedman_spider_tarantella_strand
Spider:3: layout_spider_delve, ebering_ghost_rock_garden, nicolae_spider_bzzzt,
          uniq_arachne
Spider:4: floodkiller_spider_rune_tomb, hellmonk_test_site
Slime:1:  layout_caves
Slime:2:  layout_caves, basic_altar
Slime:3:  layout_caves
Slime:4:  layout_caves
Slime:5
Orc:1:    layout_diamond_mine, enter_volcano_1
Orc:2:    st_orc_pillars, layout_caves, basic_altar
Elf:1:    eino_elf_arrival_the_gate, layout_rooms, hangedman_elf_represent,
          grunt_megastairs_5
Elf:2:    nicolae_elf_blades_splatter_lattice [nicolae_blade_entry_pointy_end],
          layout_geoelf_grid, serial_shops, nicolae_shop_hallway_plus,
          hangedman_summoners_spam
Elf:3:    grunt_elf_hall_spiral, layout_geoelf_grid, basic_altar,
          nicolae_shop_self_help, uniq_roxanne, uniq_saint_roka
Vaults:1: vaults_room_pool, grunt_vaults_hallway_long, v_alt_pattern_3,
          v_alt_pattern_2, nicolae_vaults_little_squares_5,
          ontoclasm_vaults_decontamination, hangedman_vaults_trim,
          layout_vaults_omnigrid, serial_shops, bzr_entry_customers
Vaults:2: nicolae_vaults_little_ls, v_misc_16, vaults_room_corners,
          vaults_room_pool, grunt_vaults_funnel, v_misc_33,
          vaults_standard_mumra_lines, vaults_room_pool, v_misc_26, v_misc_24,
          nicolae_vaults_alarming, vaults_room_octagon, ontoclasm_vaults_twist,
          layout_vaults_maze_snakey, uniq_margery
Vaults:3: infiniplex_enter_wizlab_glasses, minmay_crypt_entry_simple_round,
          ontoclasm_vaults_bender, grunt_vaults_hallway_long,
          ontoclasm_vaults_pinch, ontoclasm_vaults_spin, vaults_dpeg_diagonal,
          vaults_room_hallway, layout_vaults_chaotic_city
Vaults:4: biasface_ghost_orc_armoury, vaults_mumra_hexcomb,
          hangedman_vaults_unwind, nicolae_vaults_ninety_degrees, v_misc_29,
          grunt_vaults_hallway_long, nicolae_vaults_circle_grid_a, v_pattern_4,
          nicolae_vaults_little_squares_5, ontoclasm_vaults_eye,
          vaults_dpeg_cross, v_misc_8, ontoclasm_vaults_gateway,
          vaults_room_pool, layout_vaults_omnicross
Vaults:5
Crypt:1:  layout_regular_city, gammafunk_ghost_abyssal_escape, basic_altar
Crypt:2:  layout_gridlike, st_stairs_5, uniq_sojobo, uniq_donald
Crypt:3:  due_elkab, layout_chaotic_city, nicolae_danse_macabre
Depths:1: layout_gridlike, hellmouth_3, nrook_mini_vaults,
          minmay_shattered_shrine
Depths:2: minmay_coctagon, layout_cave_pools, hell_entry, serial_shops,
          bzr_entry_lakeside, rand_demon_pan_entry_9, minmay_the_grid_2x2
          [minmay_the_grid_medium_cups, minmay_the_grid_small_cups,
          minmay_the_grid_spin_star, minmay_the_grid_prize_diamond_cup]
Depths:3: cross_vault, layout_basic, serial_shops, shop,
          hangedman_abyss_entry_splay, muffindrake_ghost_dual_entry, hell_entry,
          grunt_pan_entry_in_and_out, lemuel_tele_altar, grunt_ministairs_14,
          nrook_pool_corridor, guppyfry_shop_earth,
          infiniplex_staircase_squiggle
Depths:4: grunt_zot_entry_tricorne, layout_cave_shapes, enter_ziggurat_a,
          minmay_misc_feat_room, serial_rivers, chequers_serial_rivers_large_a,
          chequers_serial_rivers_micro_b, chequers_serial_rivers_marsh,
          chequers_serial_rivers_room_b, rand_demon_pan_entry_7, hell_entry,
          abyss_entry_glasseish, uniq_xtahua, uniq_parghit
Hell
Zot:1:    layout_misc_corridors
Zot:2:    layout_basic
Zot:3:    layout_gridlike, st_large_dragon_hoard_1, uniq_grunn
Zot:4:    grunt_deathspiral_small, layout_onion
Zot:5:    layout_gridlike

Skill      XL: |  1  2  3  4  5  6  7  8  9 10 11 12 13 14 15 16 17 18 19 20 21 22 23 24 25 26 27 |
---------------+----------------------------------------------------------------------------------+-----
Axes           | 3 4 5 6 7 8 10 12 13 15 16 17 18 | 18.0
Fighting       | 4 5 6 7 9 10 11 13 14 16 17 18 19 20 21 22 23 24 25 26 27 | 27.0
Armour         | 1 2 3 4 5 7 9 10 12 13 14 15 16 17 18 19 20 | 20.0
Invocations    | 8 12 15 17 18 19 20 22 24 25 26 27 | 27.0
Dodging        | 4 6 8 9 10 11 12 13 15 18 | 18.1
Shields        | 7 11 12 13 14 15 17 19 20 22 23 | 23.9
Evocations     | 6 12 18 | 18.7
Throwing       | 11 | 11.8
Stealth        | |  4.1

Action                     |  1- 3 |  4- 6 |  7- 9 | 10-12 | 13-15 | 16-18 | 19-21 | 22-24 | 25-27 || total
---------------------------+-------+-------+-------+-------+-------+-------+-------+-------+-------++-------
  Melee: Hand axe          |   102 |    31 |   351 |   183 |       |       |       |       |       ||   667
         Dagger            |    27 |   100 |    87 |       |       |       |       |       |       ||   214
         Punch             |       |     2 |     6 |     8 |     9 |       |       |       |       ||    25
         Battleaxe         |       |       |       |   251 |       |       |       |       |       ||   251
         Broad axe         |       |       |       |   284 |   800 |  1142 |  1047 |  1348 |  2421 ||  7042
         Headbutt          |       |       |       |       |       |       |    73 |    12 |    52 ||   137
   Fire: Sling             |       |    41 |   113 |    47 |    27 |    19 |       |       |       ||   247
  Throw: Dart              |       |     3 |     4 |       |    24 |     3 |       |       |       ||    34
         Boomerang         |       |       |       |       |       |    21 |     4 |    21 |    17 ||    63
 Invoke: Upheaval          |       |       |       |     9 |    29 |    19 |    27 |    32 |    41 ||   157
         Elemental Force   |       |       |       |       |     1 |       |       |       |     1 ||     2
         Disaster Area     |       |       |       |       |       |     1 |     1 |     6 |     4 ||    12
  Evoke: Wand              |       |       |     6 |     3 |     3 |     2 |       |       |     3 ||    17
         Lightning rod     |       |       |       |       |       |       |       |       |     1 ||     1
    Use: Scroll            |     1 |     5 |     4 |    17 |    10 |     8 |     2 |     8 |    14 ||    69
         Potion            |     1 |       |     4 |     2 |     6 |     4 |     3 |     4 |    21 ||    45
   Stab: Sleeping          |     7 |       |       |       |       |       |       |       |       ||     7
         Petrifying        |       |       |       |       |     2 |       |       |       |       ||     2
         Confused          |       |       |       |       |       |     1 |       |       |       ||     1
 Armour: Leather armour    |    47 |       |       |       |       |       |       |       |       ||    47
         Scale mail        |     1 |    87 |   277 |   319 |   413 |   496 |   213 |    40 |       ||  1846
         Crystal plate arm |       |       |       |       |       |       |       |   267 |       ||   267
         Gold dragon scale |       |       |       |       |       |       |       |   174 |   699 ||   873
         Skin              |       |       |       |       |       |       |       |       |     2 ||     2
  Dodge: Dodged            |    71 |    56 |   288 |   369 |   331 |   282 |   210 |   239 |   422 ||  2268
         Repelled          |       |       |       |       |     2 |     8 |    17 |    14 |    42 ||    83
  Block: Other             |       |       |     1 |    74 |    82 |       |       |       |       ||   157
         Kite shield       |       |       |       |       |   162 |       |       |       |       ||   162
         Tower shield      |       |       |       |       |    89 |  1935 |  1427 |  2058 |  3274 ||  8783
         Reflection        |       |       |       |       |     2 |       |   109 |    56 |   100 ||   267

Table legend: (Time is in decaauts)
 A = Elapsed time spent in this place.
 B = Non-inter-level travel time spent in this place.
 C = Inter-level travel time spent in this place.
 D = Time resting spent in this place.
 E = Time spent auto-exploring this place.
 F = Levels seen in this place.
 G = Mean time per level.
                   A        B        C        D        E       F      G
               +--------+--------+--------+--------+--------+-----+--------+
         Total |  78952 |  65615 |  13337 |  11214 |  34698 |  64 | 1233.6 |
       Dungeon |  20195 |  16072 |   4123 |   2617 |   9290 |  15 | 1346.3 |
        Temple |    519 |    439 |     80 |      0 |    426 |   1 |  519.0 |
          Lair |   8045 |   6528 |   1517 |   1432 |   3914 |   5 | 1609.0 |
         Swamp |   4102 |   3288 |    814 |    180 |   1997 |   4 | 1025.5 |
   Spider Nest |   5324 |   4409 |    915 |    588 |   2438 |   4 | 1331.0 |
    Slime Pits |   2253 |   1706 |    547 |    595 |    391 |   5 |  450.6 |
  Orcish Mines |   2433 |   1693 |    740 |     80 |   1039 |   2 | 1216.5 |
   Elven Halls |   3968 |   3482 |    486 |    392 |   1770 |   3 | 1322.7 |
        Vaults |   8781 |   6987 |   1794 |    528 |   3964 |   5 | 1756.2 |
         Crypt |   4169 |   3600 |    569 |    462 |   1962 |   3 | 1389.7 |
        Depths |   6626 |   5736 |    890 |   1082 |   2951 |   4 | 1656.5 |
          Hell |    461 |    436 |     25 |      0 |    254 |   1 |  461.0 |
           Zot |   7207 |   6373 |    834 |   1647 |   3116 |   5 | 1441.4 |
        Bazaar |    175 |    175 |      0 |      0 |     85 |   2 |   87.5 |
        Bailey |    521 |    521 |      0 |    186 |    187 |   1 |  521.0 |
      Ice Cave |   2605 |   2605 |      0 |   1150 |    545 |   1 | 2605.0 |
       Volcano |    229 |    229 |      0 |      0 |    145 |   1 |  229.0 |
        Wizlab |    526 |    526 |      0 |     70 |     59 |   1 |  526.0 |
      Gauntlet |    803 |    803 |      0 |    200 |    161 |   1 |  803.0 |
               +--------+--------+--------+--------+--------+-----+--------+

Top non-repeatable levels by time:
   Zot:5: 2825 daAuts
   IceCv: 2605 daAuts
Depths:1: 2215 daAuts
Vaults:4: 2151 daAuts
    D:11: 1990 daAuts
     D:5: 1898 daAuts
  Lair:5: 1890 daAuts
Vaults:1: 1867 daAuts
     D:6: 1860 daAuts
Depths:4: 1841 daAuts
     D:9: 1827 daAuts
Vaults:3: 1801 daAuts
  Lair:2: 1762 daAuts
Spider:4: 1755 daAuts
  Lair:3: 1687 daAuts
